 Dungeon Crawl Stone Soup version 0.29-a0-553-g81b289dbe5 (webtiles) character file.

Game seed: 10753031839497099591

53 Essalna the Ruffian (level 3, -4/29 HPs)
             Began as a Draconian Transmuter on June 6, 2022.
             Killed from afar by Natasha (8 damage)
             ... with a magic dart
             ... on level 2 of the Dungeon.
             The game lasted 00:01:51 (1192 turns).

Essalna the Ruffian (Draconian Transmuter)          Turns: 1192, Time: 00:01:52

Health: -4/29      AC:  8    Str: 12    XL:     3   Next: 62%
Magic:  6/6        EV: 12    Int: 21    God:
Gold:   40         SH:  0    Dex: 11    Spells: 5/6 levels left

rFire   . . .      SeeInvis .     - Unarmed
rCold   . . .      Faith    .   (no shield)
rNeg    . . .      Spirit   .   (body armour unavailable)
rPois   .          Reflect  .   (helmet currently unavailable)
rElec   .          Harm     .   (no cloak)
rCorr   .          Rampage  .   i - +2 pair of gloves {Stlth+}
Will    .....                   (boots currently unavailable)
Stlth   ++........              (no amulet)
HPRegen 0.09/turn               h - +6 ring of intelligence
MPRegen 0.10/turn               (no ring)

@: appendages
A: horns 2, talons 2, AC +5, unfitting armour, cold-blooded
a: End Transformation


You were on level 2 of the Dungeon.
You had temporarily grown beastly horns and talons.
You visited 1 branch of the dungeon, and saw 2 of its levels.

You collected 40 gold pieces.

Inventory:

Armour
 i - a +2 pair of gloves of stealth (worn)
Jewellery
 h - a +6 ring of intelligence (left hand)
Scrolls
 b - a scroll of vulnerability {unknown}
 d - a scroll of teleportation {unknown}
 f - a scroll of poison {unknown}
 g - a scroll of immolation {unknown}
Potions
 a - a potion of lignification
 c - a potion of curing {unknown}
 e - a potion of heal wounds {unknown}


   Skills:
 + Level 2.1 Fighting
 + Level 2.3 Dodging
 + Level 3.4 Unarmed Combat
 - Level 2.0 Spellcasting
 + Level 2.6 Transmutations


You had 5 spell levels left.
You knew the following spells:

 Your Spells              Type           Power      Damage    Failure   Level
a - Beastly Appendage     Tmut           26%        N/A       4%          1

Your spell library contained the following spells:

 Spells                   Type           Power      Damage    Failure   Level
 Wereblood                Tmut           13%        N/A       8%          2
 Ensorcelled Hibernation  Hex/Ice        4%         N/A       22%         2
 Spider Form              Tmut/Pois      7%         N/A       26%         3
 Ice Form                 Ice/Tmut       7%         N/A       65%         4
 Anguish                  Hex/Necr       1%         N/A       82%         4


Dungeon Overview and Level Annotations

Branches:
Dungeon (2/15)

Altars:

Annotations:
D:2 Natasha


Innate Abilities, Weirdness & Mutations

You have temporarily grown beastly horns and talons.
Your plain brown scales are hard. (AC +5)
You cannot fit into any form of body armour.
You are cold-blooded and may be slowed by cold attacks.


Message History

The magic dart hits you!
You hit Natasha. Your headbutt misses Natasha.
Natasha is heavily wounded.
The giant cockroach closely misses you. The gnoll hits you with a +0 flail.
Natasha casts a spell at you. You resist with significant effort.
The giant cockroach bites you but does no damage.
You closely miss Natasha. Your kick misses Natasha.
Natasha is heavily wounded.
The gnoll barely misses you. The giant cockroach barely misses you.
Natasha claws you.
You hit Natasha.
Natasha is heavily wounded.
The giant cockroach completely misses you.
The gnoll hits you but does no damage. x2; Natasha closely misses you.
You barely miss Natasha. Your headbutt misses Natasha.
Your tail-slap misses Natasha.
Natasha is heavily wounded.
The giant cockroach bites you but does no damage.
The gnoll completely misses you. The gnoll hits you but does no damage.
Natasha claws you.
* * * LOW HITPOINT WARNING * * *
You miss Natasha.
Natasha is heavily wounded.
The giant cockroach bites you but does no damage.
The gnoll closely misses you. The gnoll hits you but does no damage.
You barely miss Natasha. You claw Natasha.
Natasha is almost dead.
Natasha casts a spell at you. The magic dart hits you.
* * * LOW HITPOINT WARNING * * *
The giant cockroach bites you but does no damage.
The gnoll closely misses you. The gnoll misses you.
Okay, then.
You hit Natasha but do no damage.
Natasha is almost dead.
The giant cockroach misses you. Natasha casts a spell at you.
The magic dart hits you!
You die...

### .... #####...#
####..h..#...
#....@B....#
#.##g##.#....
######.##g##.# .
#.............
#.####.##.##.# #.#
#.##.# ####.# #.....
####....# ####..
........############


You could see Natasha, 2 gnolls and a giant cockroach.

Vanquished Creatures
  2 adders (D:2)
  A dart slug (D:1)
  2 ball pythons (D:1)
  2 bats (D:1)
  2 endoplasms (D:1)
  2 giant cockroaches (D:1)
  5 goblins
  4 hobgoblins
  A quokka (D:1)
  3 frilled lizards (D:1)
  A kobold (D:1)
  4 rats
29 creatures vanquished.

Notes
Turn   | Place    | Note
-------+----------+-------------------------------------------
     0 | D:1      | Essalna the Draconian Transmuter began the quest for the
                  | Orb.
     0 | D:1      | Reached XP level 1. HP: 16/16 MP: 3/3
   263 | D:1      | Reached XP level 2. HP: 10/23 MP: 5/5
   877 | D:1      | Reached XP level 3. HP: 29/29 MP: 4/6
   937 | D:1      | Found a faded altar of an unknown god.
  1182 | D:2      | Noticed Natasha
  1192 | D:2      | Killed from afar by Natasha

Illustrated notes

Levels and vault maps discovered:
D:1:      minmay_arrival_widening_spiral_wide, layout_basic,
          dilly_ecumenical_altar_fadedgnrine, minmay_pentomino_o4
D:2:      layout_loops_ring, serial_shops, shop, uniq_natasha

Skill      XL: |  1  2  3 |
---------------+----------+-----
Dodging        | 2 |  2.3
Fighting       | 2 |  2.1
Unarmed Combat | |  3.4
Spellcasting   | |  2.0
Transmutations | |  2.6

Action                   || total
-------------------------++-------
Melee: Unarmed           ||    78
       Kick              ||    14
       Headbutt          ||    10
       Punch             ||     2
 Cast: Beastly Appendage ||    17
Armor: Skin              ||    32
Dodge: Dodged            ||    55

Table legend: (Time is in decaauts)
 A = Elapsed time spent in this place.
 B = Non-inter-level travel time spent in this place.
 C = Inter-level travel time spent in this place.
 D = Time resting spent in this place.
 E = Time spent auto-exploring this place.
 F = Levels seen in this place.
 G = Mean time per level.
                   A        B        C        D        E       F      G
               +--------+--------+--------+--------+--------+-----+--------+
         Total |   1187 |   1173 |     14 |      0 |    979 |   2 |  593.5 |
       Dungeon |   1187 |   1173 |     14 |      0 |    979 |   2 |  593.5 |
               +--------+--------+--------+--------+--------+-----+--------+

Top non-repeatable levels by time:
     D:1: 1007 daAuts
     D:2: 179 daAuts
